Canucks vs Bruins

Created - March-01-14 at 10:46

Goals
1 2 3 T
Canucks 0 0 0 0
Bruins 1 0 0 1
Shots
1 2 3 T
Canucks 8 13 16 37
Bruins 8 6 7 21

1st period

1. Bruins , Patrice Bergeron 12 (Matt Read, Dennis Seidenberg) at 4:49

Penalties :
Lars Eller (VAN) for Hooking (Minor) at 1:40, Zdeno Chara (BOS) for Hooking (Minor) at 5:57, Pierre-Alexandr Parenteau (BOS) for Holding (Minor) at 8:01, Johnny Boychuk (BOS) for Roughing (Minor) at 10:12, Zdeno Chara (BOS) for Fighting (Major) at 13:11, P.K. Subban (VAN) for Fighting (Major) at 13:11, P.K. Subban (VAN) for instigated a fight (Game Misconduct) at 13:11

2nd period

No Goal

Penalties :
Braydon Coburn (BOS) for Hooking (Minor) at 4:34, Zdeno Chara (BOS) for High sticking (Minor) at 11:31

3rd period

No Goal

Penalties :
David Krejci (BOS) for Holding (Minor) at 1:03, Andy Greene (BOS) for Tripping (Minor) at 7:41, Zdeno Chara (BOS) for Tripping (Minor) at 10:33, Brad Marchand (BOS) for Slashing (Minor) at 15:51

Goalie Stats

Henrik Lundqvist (VAN), 20 saves from 21 shots - (0.952), L, 28-25-2, 59:00 minutes
Tuukka Rask (BOS), 37 saves from 37 shots - (1.000), W, 31-17-3, 60:00 minutes

Players Stats for Canucks

Player Name              G  A  P  +/- PIM S  H  SB GA TA FO     MP     PP MP  PK MP  
------------------------------------------------------------------------------------
Adam Henrique            0  0  0  -1  0   2  0  0  0  0  0/1    11:33   0:00   0:15 
Alex Chiasson            0  0  0   0  0   0  1  0  0  0  1/1    19:09   8:32   0:00 
Alex Pietrangelo         0  0  0  -1  0   1  1  0  0  0  0/0    23:10   8:00   1:54 
Claude Giroux            0  0  0   0  0   5  2  0  0  0  18/29  22:16   9:19   0:00 
Dmitry Kulikov           0  0  0   0  0   1  1  0  0  0  0/0    20:19   4:54   0:00 
Erik Karlsson            0  0  0  -1  0   5  0  1  0  0  0/0    23:07   9:51   0:00 
Jonas Brodin             0  0  0   0  0   1  0  0  0  0  0/0    13:22   0:00   2:04 
Justin Braun             0  0  0   0  0   0  0  0  0  0  0/0    11:51   0:50   0:59 
Lars Eller               0  0  0  -1  2   1  0  0  0  0  5/8    13:22   0:44   1:21 
Logan Couture            0  0  0   0  0   2  0  0  0  0  1/2    20:27   9:19   0:00 
Marcus Kruger            0  0  0   0  0   0  0  0  0  0  3/5     3:47   0:00   1:24 
Matt Carle               0  0  0   0  0   5  0  2  0  0  0/0    22:17   9:22   1:54 
Mikko Koivu              0  0  0   0  0   7  1  1  0  0  18/33  24:15   7:48   2:34 
P.K. Subban              0  0  0   0  17  1  0  0  0  0  0/0     5:53   2:45   1:05 
Phil Kessel              0  0  0   0  0   4  1  0  0  0  4/4    23:15   9:19   0:00 
Ryan Johansen            0  0  0   0  0   0  1  0  0  0  0/0    12:16   8:32   1:24 
Ryan OReilly             0  0  0   0  0   1  0  0  0  0  0/0    14:23   0:00   0:58 
Scott Hartnell           0  0  0  -1  0   1  3  0  0  0  0/0    11:18   0:00   0:00 

Players Stats for Bruins

Player Name              G  A  P  +/- PIM S  H  SB GA TA FO     MP     PP MP  PK MP  
------------------------------------------------------------------------------------
Andy Greene              0  0  0   1  2   1  0  1  0  0  0/0    22:00   2:28   7:29 
Brad Marchand            0  0  0   0  2   2  1  0  0  0  1/1    17:31   1:35   0:49 
Braydon Coburn           0  0  0   0  2   0  2  1  0  0  0/0    10:53   1:30   0:00 
Chris Kelly              0  0  0   0  0   0  1  0  0  0  10/33  18:57   0:56  10:18 
David Krejci             0  0  0   0  2   1  0  0  0  0  12/24  19:20   0:00   6:07 
Dennis Seidenberg        0  1  1   1  0   0  0  1  0  0  0/0    20:35   0:00  10:16 
Dougie Hamilton          0  0  0   0  0   1  1  1  0  0  0/0    16:26   0:58   0:19 
Jakob Silfverberg        0  0  0   1  0   0  0  0  0  0  0/0     2:51   0:14   0:00 
Jakub Voracek            0  0  0   0  0   2  0  0  0  0  0/0    15:23   2:09   0:00 
Johnny Boychuk           0  0  0   0  2   0  1  3  0  0  0/0    18:00   0:14   7:52 
Loui Eriksson            0  0  0   0  0   3  0  0  0  0  0/2    18:08   0:14  10:42 
Matt Read                0  1  1   1  0   1  0  0  0  0  2/3     4:26   1:49   0:00 
Milan Lucic              0  0  0   0  0   1  7  0  0  0  0/0    21:41   2:09   6:18 
Patrice Bergeron         1  0  1   1  0   5  2  0  0  0  7/18   19:53   1:13   1:26 
Pierre-Alexandr Parentea 0  0  0   0  2   4  1  0  0  0  1/2    16:11   1:35   0:00 
Reilly Smith             0  0  0   0  0   0  0  0  0  0  0/0     7:45   0:00   0:02 
Torey Krug               0  0  0   0  0   0  0  1  0  0  0/0    10:54   2:46   4:02 
Zdeno Chara              0  0  0   0  11  0  4  0  0  0  0/0    21:05   0:00   5:44 

3 Stars

1 - Tuukka Rask (BOS)
2 - Henrik Lundqvist (VAN)
3 - Patrice Bergeron (BOS)

Power Play

Canucks - 0 on 9 Attempt(s) - 0.00%
Bruins - 0 on 2 Attempt(s) - 0.00%

Penalty Kill

Canucks - 2 on 2 Attempt(s) - 100.00% - Score 0 goal in Penalty Kill
Bruins - 9 on 9 Attempt(s) - 100.00% - Score 0 goal in Penalty Kill

Official

Referees : Frederick L'Ecuyer and Dan O'Rourke
Linesman : Steve Barton and Jay Sharrers

Game Notes

Zdeno Chara and P.K. Subban fight to a draw at 13:11 of 1st period
P.K. Subban ejected from game at 13:11 of 1st period
P.K. Subban from Canucks is suspended for 1 game(s)

Finance

Level 1 -- Attendance: 4907 (75.49%) -- Ticket Income $539,770
Level 2 -- Attendance: 4654 (93.08%) -- Ticket Income $349,050
Level 3 -- Attendance: 3260 (93.14%) -- Ticket Income $182,560
Level 4 -- Attendance: 1565 (100.00%) -- Ticket Income $62,600
Luxury Box -- Attendance: 945 (94.50%) -- Ticket Income $188,055
Game was played at the TD Garden
Total Attendance: 15331 (87.28%)
Total Ticket Income: $1,322,035
Other Income: $198,305
Total Income: $1,520,340


% Time on Ice - Canucks

Lines # - Real PCT - Wanted PCT - Time Play
Normal Forward
1 - 36% - 35% - 13:25
2 - 28% - 30% - 10:37
3 - 30% - 26% - 11:18
4 - 6% - 9% - 2:20
Normal Defense
1 - 34% - 34% - 12:45
2 - 29% - 32% - 11:01
3 - 18% - 25% - 6:52
4 - 19% - 9% - 7:02
PP Forward
1 - 52% - 60% - 9:19
2 - 48% - 40% - 8:32
PP Defense
1 - 55% - 62% - 9:51
2 - 45% - 38% - 8:00
PK Forward
1 - 65% - 60% - 2:34
2 - 35% - 40% - 1:24
PK Defense
1 - 48% - 50% - 1:54
2 - 52% - 50% - 2:04
PK3 Forward
1 - 0% - 60%
2 - 0% - 40%
PK3 Defense
1 - 0% - 60%
2 - 0% - 40%
44 Forward
1 - 0% - 52%
2 - 0% - 48%
44 Defense
1 - 0% - 51%
2 - 0% - 49%
Last Minute Offensive  - 0:31
Last Minute Defensive  - 0:00
Total
Forward - 60:00
Defense - 60:00

% Time on Ice - Bruins

Lines # - Real PCT - Wanted PCT - Time Play
Normal Forward
1 - 39% - 40% - 14:37
2 - 35% - 30% - 13:14
3 - 19% - 20% - 7:12
4 - 7% - 10% - 2:37
Normal Defense
1 - 40% - 40% - 15:09
2 - 26% - 30% - 9:48
3 - 25% - 20% - 9:24
4 - 9% - 10% - 3:19
PP Forward
1 - 46% - 60% - 1:49
2 - 54% - 40% - 2:09
PP Defense
1 - 60% - 60% - 2:22
2 - 40% - 40% - 1:36
PK Forward
1 - 65% - 60% - 11:33
2 - 35% - 40% - 6:18
PK Defense
1 - 58% - 60% - 10:17
2 - 42% - 40% - 7:34
PK3 Forward
1 - 0% - 60%
2 - 0% - 40%
PK3 Defense
1 - 0% - 60%
2 - 0% - 40%
44 Forward
1 - 0% - 60%
2 - 0% - 40%
44 Defense
1 - 0% - 60%
2 - 0% - 40%
Last Minute Offensive  - 0:00
Last Minute Defensive  - 0:31
Total
Forward - 60:00
Defense - 60:00

Play by Play

1st period


0:01 of 1st period - Mikko Koivu wins face-off versus Patrice Bergeron in neutral zone.
1:08 of 1st period - Shot by Matt Carle.
1:08 of 1st period - Shot Blocked by Dougie Hamilton.
1:10 of 1st period - Shot by Matt Carle.
1:10 of 1st period - Stopped by Tuukka Rask with a rebound.
1:22 of 1st period - Shot by Logan Couture.
1:22 of 1st period - Shot Hit the Post.
1:40 of 1st period - Minor Penalty to Lars Eller for Hooking.
1:41 of 1st period - Mikko Koivu wins face-off versus Chris Kelly in Canucks zone.
1:41 of 1st period - Mikko Koivu is hit by Milan Lucic.
1:48 of 1st period - Icing by Chris Kelly.
1:49 of 1st period - Mikko Koivu wins face-off versus Chris Kelly in Bruins zone.
2:00 of 1st period - Shot by Chris Kelly.
2:00 of 1st period - Shot Misses the Net.
2:50 of 1st period - Shot by Matt Read.
2:50 of 1st period - Stopped by Henrik Lundqvist without a rebound.
2:51 of 1st period - Matt Read wins face-off versus Marcus Kruger in Canucks zone.
3:14 of 1st period - Shot by Pierre-Alexandr Parenteau.
3:14 of 1st period - Stopped by Henrik Lundqvist without a rebound.
3:15 of 1st period - Patrice Bergeron wins face-off versus Mikko Koivu in Canucks zone.
4:12 of 1st period - Shot by Loui Eriksson.
4:12 of 1st period - Stopped by Henrik Lundqvist without a rebound.
4:13 of 1st period - Lars Eller wins face-off versus Patrice Bergeron in Canucks zone.
4:13 of 1st period - Lars Eller is hit by Patrice Bergeron.
4:49 of 1st period - Shot by Patrice Bergeron.
4:49 of 1st period - Goal by Patrice Bergeron - Canucks : 0 - Bruins : 1.
4:50 of 1st period - Mikko Koivu wins face-off versus David Krejci in neutral zone.
5:14 of 1st period - Phil Kessel is hit by Zdeno Chara.
5:49 of 1st period - David Krejci is hit by Claude Giroux and loses puck.
5:57 of 1st period - Minor Penalty to Zdeno Chara for Hooking.
5:58 of 1st period - Logan Couture wins face-off versus Chris Kelly in Bruins zone.
6:11 of 1st period - Shot by Erik Karlsson.
6:11 of 1st period - Stopped by Tuukka Rask without a rebound.
6:12 of 1st period - Mikko Koivu wins face-off versus Chris Kelly in Bruins zone.
6:22 of 1st period - Icing by Mikko Koivu.
6:23 of 1st period - Chris Kelly wins face-off versus Mikko Koivu in Canucks zone.
6:32 of 1st period - Shot by Mikko Koivu.
6:32 of 1st period - Shot Misses the Net.
7:45 of 1st period - Icing by P.K. Subban.
7:46 of 1st period - Claude Giroux wins face-off versus Chris Kelly in Canucks zone.
7:48 of 1st period - Icing by Erik Karlsson.
7:49 of 1st period - Chris Kelly wins face-off versus Claude Giroux in Canucks zone.
8:01 of 1st period - Minor Penalty to Pierre-Alexandr Parenteau for Holding.
8:02 of 1st period - David Krejci wins face-off versus Claude Giroux in Bruins zone.
10:12 of 1st period - Minor Penalty to Johnny Boychuk for Roughing.
10:13 of 1st period - Claude Giroux wins face-off versus Chris Kelly in Bruins zone.
10:16 of 1st period - Shot by P.K. Subban.
10:16 of 1st period - Stopped by Tuukka Rask without a rebound.
10:17 of 1st period - Chris Kelly wins face-off versus Claude Giroux in Bruins zone.
11:08 of 1st period - Shot by Mikko Koivu.
11:08 of 1st period - Shot Misses the Net.
12:47 of 1st period - Icing by Johnny Boychuk.
12:48 of 1st period - Patrice Bergeron wins face-off versus Mikko Koivu in Bruins zone.
12:58 of 1st period - Shot by Matt Read.
12:58 of 1st period - Shot Misses the Net.
13:11 of 1st period - Zdeno Chara and P.K. Subban fight to a draw.
13:11 of 1st period - Penalty to Zdeno Chara for Fighting.
13:11 of 1st period - Penalty to P.K. Subban for Fighting.
13:11 of 1st period - Penalty to P.K. Subban for instigated a fight.
13:11 of 1st period - P.K. Subban is ejected from game.
13:12 of 1st period - Mikko Koivu wins face-off versus Pierre-Alexandr Parenteau in neutral zone.
13:20 of 1st period - Icing by Andy Greene.
13:21 of 1st period - Lars Eller wins face-off versus Matt Read in Bruins zone.
14:27 of 1st period - Shot by Jakub Voracek.
14:27 of 1st period - Shot Misses the Net.
14:29 of 1st period - Shot by Andy Greene.
14:29 of 1st period - Shot Blocked by Matt Carle.
14:31 of 1st period - Shot by Andy Greene.
14:31 of 1st period - Stopped by Henrik Lundqvist without a rebound.
14:32 of 1st period - Marcus Kruger wins face-off versus Patrice Bergeron in Canucks zone.
14:32 of 1st period - Justin Braun is hit by Milan Lucic and loses puck.
14:47 of 1st period - Shot by Jakub Voracek.
14:47 of 1st period - Shot Misses the Net.
14:49 of 1st period - Shot by Patrice Bergeron.
14:49 of 1st period - Stopped by Henrik Lundqvist with a rebound.
14:51 of 1st period - Shot by Jakub Voracek.
14:51 of 1st period - Stopped by Henrik Lundqvist without a rebound.
14:52 of 1st period - Matt Read wins face-off versus Mikko Koivu in Canucks zone.
14:55 of 1st period - Shot by Pierre-Alexandr Parenteau.
14:55 of 1st period - Shot Misses the Net.
14:57 of 1st period - Shot by Braydon Coburn.
14:57 of 1st period - Shot Blocked by Mikko Koivu.
14:59 of 1st period - Shot by Matt Read.
14:59 of 1st period - Shot Misses the Net.
15:03 of 1st period - Shot by Brad Marchand.
15:03 of 1st period - Shot Blocked by Matt Carle.
15:05 of 1st period - Shot by Pierre-Alexandr Parenteau.
15:05 of 1st period - Stopped by Henrik Lundqvist without a rebound.
15:06 of 1st period - Pierre-Alexandr Parenteau wins face-off versus Marcus Kruger in Canucks zone.
16:11 of 1st period - Shot by Phil Kessel.
16:11 of 1st period - Stopped by Tuukka Rask with a rebound.
16:32 of 1st period - Mikko Koivu is hit by Milan Lucic and loses puck.
17:58 of 1st period - Brad Marchand is hit by Alex Pietrangelo.
18:53 of 1st period - Shot by Phil Kessel.
18:53 of 1st period - Stopped by Tuukka Rask without a rebound.
18:54 of 1st period - Claude Giroux wins face-off versus David Krejci in Bruins zone.
19:01 of 1st period - Braydon Coburn is hit by Alex Chiasson and loses puck.
19:22 of 1st period - Shot by Alex Chiasson.
19:22 of 1st period - Deflect By Claude Giroux.
19:22 of 1st period - Stopped by Tuukka Rask without a rebound.
19:23 of 1st period - Mikko Koivu wins face-off versus Chris Kelly in Bruins zone.
19:28 of 1st period - Shot by Mikko Koivu.
19:28 of 1st period - Stopped by Tuukka Rask without a rebound.
19:29 of 1st period - Chris Kelly wins face-off versus Mikko Koivu in Bruins zone.
19:43 of 1st period - Phil Kessel is hit by Zdeno Chara and loses puck.
19:52 of 1st period - Shot by Mikko Koivu.
19:52 of 1st period - Stopped by Tuukka Rask without a rebound.
19:53 of 1st period - David Krejci wins face-off versus Lars Eller in Bruins zone.
Goals for this period are 0 for Canucks vs 1 for Bruins.
Shots for this period are 8 for Canucks vs 8 for Bruins.

2nd period


0:01 of 2nd period - Patrice Bergeron wins face-off versus Claude Giroux in neutral zone.
0:05 of 2nd period - Off-side.
0:06 of 2nd period - Patrice Bergeron wins face-off versus Mikko Koivu in neutral zone.
0:23 of 2nd period - Shot by Pierre-Alexandr Parenteau.
0:23 of 2nd period - Shot Misses the Net.
0:25 of 2nd period - Shot by Pierre-Alexandr Parenteau.
0:25 of 2nd period - Stopped by Henrik Lundqvist without a rebound.
0:26 of 2nd period - David Krejci wins face-off versus Claude Giroux in Canucks zone.
1:09 of 2nd period - Shot by Dmitry Kulikov.
1:09 of 2nd period - Stopped by Tuukka Rask with a rebound.
1:25 of 2nd period - Matt Carle is hit by Milan Lucic and loses puck.
1:34 of 2nd period - Shot by Ryan OReilly.
1:34 of 2nd period - Deflect By Phil Kessel.
1:34 of 2nd period - Shot Misses the Net.
1:36 of 2nd period - Shot by Justin Braun.
1:36 of 2nd period - Shot Misses the Net.
1:40 of 2nd period - Shot by Mikko Koivu.
1:40 of 2nd period - Shot Misses the Net.
1:42 of 2nd period - Shot by Mikko Koivu.
1:42 of 2nd period - Stopped by Tuukka Rask without a rebound.
1:43 of 2nd period - Lars Eller wins face-off versus Patrice Bergeron in Bruins zone.
2:58 of 2nd period - Shot by Loui Eriksson.
2:58 of 2nd period - Stopped by Henrik Lundqvist without a rebound.
2:59 of 2nd period - Claude Giroux wins face-off versus Patrice Bergeron in Canucks zone.
3:12 of 2nd period - Shot by Matt Read.
3:12 of 2nd period - Shot Misses the Net.
4:13 of 2nd period - Mikko Koivu is hit by Braydon Coburn and loses puck.
4:34 of 2nd period - Minor Penalty to Braydon Coburn for Hooking.
4:35 of 2nd period - David Krejci wins face-off versus Mikko Koivu in Bruins zone.
6:36 of 2nd period - Icing by Matt Carle.
6:37 of 2nd period - Lars Eller wins face-off versus Patrice Bergeron in Canucks zone.
7:36 of 2nd period - Milan Lucic is hit by Mikko Koivu and loses puck.
8:15 of 2nd period - Shot by Erik Karlsson.
8:15 of 2nd period - Stopped by Tuukka Rask without a rebound.
8:16 of 2nd period - Claude Giroux wins face-off versus Chris Kelly in Bruins zone.
10:45 of 2nd period - Shot by Milan Lucic.
10:45 of 2nd period - Shot Blocked by Erik Karlsson.
11:30 of 2nd period - Lars Eller is hit by Zdeno Chara and loses puck.
11:31 of 2nd period - Minor Penalty to Zdeno Chara for High sticking.
11:32 of 2nd period - Phil Kessel wins face-off versus Chris Kelly in Bruins zone.
11:39 of 2nd period - Shot by Logan Couture.
11:39 of 2nd period - Shot Blocked by Dennis Seidenberg.
11:41 of 2nd period - Shot by Logan Couture.
11:41 of 2nd period - Stopped by Tuukka Rask with a rebound.
11:43 of 2nd period - Shot by Erik Karlsson.
11:43 of 2nd period - Stopped by Tuukka Rask without a rebound.
11:44 of 2nd period - Mikko Koivu wins face-off versus Chris Kelly in Bruins zone.
12:42 of 2nd period - Shot by Erik Karlsson.
12:42 of 2nd period - Shot Blocked by Johnny Boychuk.
12:44 of 2nd period - Shot by Logan Couture.
12:44 of 2nd period - Shot Misses the Net.
13:14 of 2nd period - Shot by Milan Lucic.
13:14 of 2nd period - Stopped by Henrik Lundqvist without a rebound.
13:15 of 2nd period - Mikko Koivu wins face-off versus David Krejci in Canucks zone.
13:20 of 2nd period - Shot by Alex Pietrangelo.
13:20 of 2nd period - Stopped by Tuukka Rask without a rebound.
13:21 of 2nd period - Mikko Koivu wins face-off versus Chris Kelly in Bruins zone.
13:24 of 2nd period - Shot by Mikko Koivu.
13:24 of 2nd period - Stopped by Tuukka Rask without a rebound.
13:25 of 2nd period - David Krejci wins face-off versus Mikko Koivu in Bruins zone.
13:57 of 2nd period - Pierre-Alexandr Parenteau is hit by Scott Hartnell and loses puck.
14:04 of 2nd period - Adam Henrique is hit by Pierre-Alexandr Parenteau and loses puck.
14:09 of 2nd period - Shot by Brad Marchand.
14:09 of 2nd period - Stopped by Henrik Lundqvist without a rebound.
14:10 of 2nd period - Claude Giroux wins face-off versus David Krejci in Canucks zone.
14:23 of 2nd period - Shot by Claude Giroux.
14:23 of 2nd period - Stopped by Tuukka Rask without a rebound.
14:24 of 2nd period - Phil Kessel wins face-off versus Chris Kelly in Bruins zone.
14:50 of 2nd period - Shot by Loui Eriksson.
14:50 of 2nd period - Stopped by Henrik Lundqvist without a rebound.
14:51 of 2nd period - Claude Giroux wins face-off versus Patrice Bergeron in Canucks zone.
15:08 of 2nd period - Erik Karlsson is hit by Brad Marchand and loses puck.
15:23 of 2nd period - Shot by Patrice Bergeron.
15:23 of 2nd period - Shot Misses the Net.
15:53 of 2nd period - Shot by Mikko Koivu.
15:53 of 2nd period - Deflect By Phil Kessel.
15:53 of 2nd period - Stopped by Tuukka Rask without a rebound.
15:54 of 2nd period - Mikko Koivu wins face-off versus Chris Kelly in Bruins zone.
16:53 of 2nd period - Shot by David Krejci.
16:53 of 2nd period - Shot Misses the Net.
17:15 of 2nd period - Shot by Lars Eller.
17:15 of 2nd period - Shot Misses the Net.
17:17 of 2nd period - Shot by Lars Eller.
17:17 of 2nd period - Stopped by Tuukka Rask without a rebound.
17:18 of 2nd period - Patrice Bergeron wins face-off versus Adam Henrique in Bruins zone.
17:39 of 2nd period - Shot by Brad Marchand.
17:39 of 2nd period - Stopped by Henrik Lundqvist without a rebound.
17:40 of 2nd period - Claude Giroux wins face-off versus Chris Kelly in Canucks zone.
17:45 of 2nd period - Shot by Erik Karlsson.
17:45 of 2nd period - Stopped by Tuukka Rask without a rebound.
17:46 of 2nd period - Claude Giroux wins face-off versus Patrice Bergeron in Bruins zone.
18:04 of 2nd period - Icing by Erik Karlsson.
18:05 of 2nd period - Alex Chiasson wins face-off versus David Krejci in Canucks zone.
18:19 of 2nd period - Icing by Alex Pietrangelo.
18:20 of 2nd period - Patrice Bergeron wins face-off versus Claude Giroux in Canucks zone.
18:43 of 2nd period - Shot by Claude Giroux.
18:43 of 2nd period - Stopped by Tuukka Rask without a rebound.
18:44 of 2nd period - Phil Kessel wins face-off versus David Krejci in Bruins zone.
18:54 of 2nd period - Ryan OReilly is hit by Zdeno Chara and loses puck.
19:01 of 2nd period - Dmitry Kulikov is hit by Milan Lucic and loses puck.
19:06 of 2nd period - Shot by David Krejci.
19:06 of 2nd period - Deflect By Jakub Voracek.
19:06 of 2nd period - Shot Misses the Net.
19:26 of 2nd period - David Krejci is hit by Dmitry Kulikov and loses puck.
19:57 of 2nd period - Shot by Adam Henrique.
19:57 of 2nd period - Stopped by Tuukka Rask without a rebound.
19:58 of 2nd period - Claude Giroux wins face-off versus Loui Eriksson in Bruins zone.
Goals for this period are 0 for Canucks vs 0 for Bruins.
Shots for this period are 13 for Canucks vs 6 for Bruins.

3rd period


0:01 of 3rd period - Claude Giroux wins face-off versus Patrice Bergeron in neutral zone.
0:14 of 3rd period - Shot by Brad Marchand.
0:14 of 3rd period - Deflect By Patrice Bergeron.
0:14 of 3rd period - Stopped by Henrik Lundqvist with a rebound.
0:44 of 3rd period - Shot by Patrice Bergeron.
0:44 of 3rd period - Stopped by Henrik Lundqvist without a rebound.
0:45 of 3rd period - David Krejci wins face-off versus Mikko Koivu in Canucks zone.
1:03 of 3rd period - Minor Penalty to David Krejci for Holding.
1:04 of 3rd period - Mikko Koivu wins face-off versus Chris Kelly in Bruins zone.
2:09 of 3rd period - Shot by Phil Kessel.
2:09 of 3rd period - Shot Blocked by Andy Greene.
2:11 of 3rd period - Shot by Matt Carle.
2:11 of 3rd period - Stopped by Tuukka Rask without a rebound.
2:12 of 3rd period - Chris Kelly wins face-off versus Claude Giroux in Bruins zone.
3:28 of 3rd period - Shot by Justin Braun.
3:28 of 3rd period - Shot Blocked by Johnny Boychuk.
3:30 of 3rd period - Shot by Scott Hartnell.
3:30 of 3rd period - Stopped by Tuukka Rask without a rebound.
3:31 of 3rd period - David Krejci wins face-off versus Mikko Koivu in Bruins zone.
3:46 of 3rd period - Shot by Jakub Voracek.
3:46 of 3rd period - Shot Misses the Net.
3:48 of 3rd period - Shot by David Krejci.
3:48 of 3rd period - Stopped by Henrik Lundqvist without a rebound.
3:49 of 3rd period - Lars Eller wins face-off versus Loui Eriksson in Canucks zone.
4:16 of 3rd period - Dmitry Kulikov is hit by Chris Kelly and loses puck.
5:25 of 3rd period - Shot by Brad Marchand.
5:25 of 3rd period - Deflect By Pierre-Alexandr Parenteau.
5:25 of 3rd period - Shot Misses the Net.
5:42 of 3rd period - Icing by Jakub Voracek.
5:43 of 3rd period - David Krejci wins face-off versus Claude Giroux in Bruins zone.
5:56 of 3rd period - Alex Chiasson is hit by Braydon Coburn and loses puck.
5:59 of 3rd period - Shot by Alex Chiasson.
5:59 of 3rd period - Shot Misses the Net.
6:11 of 3rd period - Shot by Claude Giroux.
6:11 of 3rd period - Shot Misses the Net.
6:13 of 3rd period - Shot by Logan Couture.
6:13 of 3rd period - Shot Blocked by Braydon Coburn.
6:21 of 3rd period - Shot by Claude Giroux.
6:21 of 3rd period - Shot Misses the Net.
6:23 of 3rd period - Shot by Alex Chiasson.
6:23 of 3rd period - Shot Misses the Net.
6:25 of 3rd period - Shot by Claude Giroux.
6:25 of 3rd period - Stopped by Tuukka Rask with a rebound.
6:27 of 3rd period - Shot by Jonas Brodin.
6:27 of 3rd period - Stopped by Tuukka Rask with a rebound.
6:42 of 3rd period - Icing by Braydon Coburn.
6:43 of 3rd period - Mikko Koivu wins face-off versus David Krejci in Bruins zone.
6:43 of 3rd period - Mikko Koivu is hit by Johnny Boychuk.
6:57 of 3rd period - Alex Pietrangelo is hit by Milan Lucic and loses puck.
7:20 of 3rd period - Shot by Pierre-Alexandr Parenteau.
7:20 of 3rd period - Shot Misses the Net.
7:24 of 3rd period - Shot by Brad Marchand.
7:24 of 3rd period - Shot Misses the Net.
7:26 of 3rd period - Shot by Dougie Hamilton.
7:26 of 3rd period - Stopped by Henrik Lundqvist with a rebound.
7:36 of 3rd period - Shot by Pierre-Alexandr Parenteau.
7:36 of 3rd period - Stopped by Henrik Lundqvist without a rebound.
7:37 of 3rd period - Marcus Kruger wins face-off versus Chris Kelly in Canucks zone.
7:41 of 3rd period - Minor Penalty to Andy Greene for Tripping.
7:42 of 3rd period - Chris Kelly wins face-off versus Logan Couture in Bruins zone.
7:57 of 3rd period - Shot by Phil Kessel.
7:57 of 3rd period - Stopped by Tuukka Rask without a rebound.
7:58 of 3rd period - Mikko Koivu wins face-off versus Chris Kelly in Bruins zone.
8:03 of 3rd period - Shot by Mikko Koivu.
8:03 of 3rd period - Stopped by Tuukka Rask without a rebound.
8:04 of 3rd period - Mikko Koivu wins face-off versus Chris Kelly in Bruins zone.
8:21 of 3rd period - Shot by Mikko Koivu.
8:21 of 3rd period - Shot Misses the Net.
8:23 of 3rd period - Shot by Matt Carle.
8:23 of 3rd period - Stopped by Tuukka Rask without a rebound.
8:24 of 3rd period - Claude Giroux wins face-off versus Chris Kelly in Bruins zone.
8:33 of 3rd period - Shot by Phil Kessel.
8:33 of 3rd period - Shot Misses the Net.
8:35 of 3rd period - Shot by Erik Karlsson.
8:35 of 3rd period - Stopped by Tuukka Rask with a rebound.
8:52 of 3rd period - Off-side.
8:53 of 3rd period - Chris Kelly wins face-off versus Mikko Koivu in neutral zone.
9:00 of 3rd period - Shot by Dennis Seidenberg.
9:00 of 3rd period - Shot Misses the Net.
9:54 of 3rd period - Shot by Patrice Bergeron.
9:54 of 3rd period - Stopped by Henrik Lundqvist without a rebound.
9:55 of 3rd period - David Krejci wins face-off versus Lars Eller in Canucks zone.
9:56 of 3rd period - Shot by Jakub Voracek.
9:56 of 3rd period - Stopped by Henrik Lundqvist with a rebound.
10:14 of 3rd period - Shot by Adam Henrique.
10:14 of 3rd period - Shot Misses the Net.
10:17 of 3rd period - Adam Henrique is hit by Dougie Hamilton and loses puck.
10:33 of 3rd period - Minor Penalty to Zdeno Chara for Tripping.
10:34 of 3rd period - Claude Giroux wins face-off versus Chris Kelly in Bruins zone.
10:41 of 3rd period - Shot by Claude Giroux.
10:41 of 3rd period - Shot Misses the Net.
10:43 of 3rd period - Shot by Matt Carle.
10:43 of 3rd period - Stopped by Tuukka Rask without a rebound.
10:44 of 3rd period - Chris Kelly wins face-off versus Claude Giroux in Bruins zone.
11:31 of 3rd period - Dennis Seidenberg is hit by Claude Giroux and loses puck.
11:58 of 3rd period - Shot by Matt Carle.
11:58 of 3rd period - Stopped by Tuukka Rask without a rebound.
11:59 of 3rd period - Mikko Koivu wins face-off versus David Krejci in Bruins zone.
12:10 of 3rd period - Shot by Mikko Koivu.
12:10 of 3rd period - Shot Blocked by Torey Krug.
12:16 of 3rd period - Shot by Mikko Koivu.
12:16 of 3rd period - Stopped by Tuukka Rask without a rebound.
12:17 of 3rd period - Chris Kelly wins face-off versus Claude Giroux in Bruins zone.
12:49 of 3rd period - Shot by Adam Henrique.
12:49 of 3rd period - Stopped by Tuukka Rask without a rebound.
12:50 of 3rd period - Patrice Bergeron wins face-off versus Mikko Koivu in Bruins zone.
12:50 of 3rd period - Patrice Bergeron is hit by Phil Kessel.
13:07 of 3rd period - Icing by Zdeno Chara.
13:08 of 3rd period - Claude Giroux wins face-off versus Patrice Bergeron in Bruins zone.
13:11 of 3rd period - Shot by Claude Giroux.
13:11 of 3rd period - Stopped by Tuukka Rask without a rebound.
13:12 of 3rd period - Claude Giroux wins face-off versus David Krejci in Bruins zone.
13:13 of 3rd period - Shot by Logan Couture.
13:13 of 3rd period - Stopped by Tuukka Rask without a rebound.
13:14 of 3rd period - Claude Giroux wins face-off versus Patrice Bergeron in Bruins zone.
13:18 of 3rd period - Icing by Patrice Bergeron.
13:19 of 3rd period - Brad Marchand wins face-off versus Claude Giroux in Bruins zone.
14:09 of 3rd period - Off-side.
14:10 of 3rd period - David Krejci wins face-off versus Mikko Koivu in neutral zone.
14:12 of 3rd period - Off-side.
14:13 of 3rd period - David Krejci wins face-off versus Mikko Koivu in neutral zone.
14:17 of 3rd period - Icing by Alex Pietrangelo.
14:18 of 3rd period - Mikko Koivu wins face-off versus David Krejci in Canucks zone.
14:18 of 3rd period - Mikko Koivu is hit by Milan Lucic.
14:56 of 3rd period - Icing by Dougie Hamilton.
14:57 of 3rd period - Claude Giroux wins face-off versus David Krejci in Bruins zone.
15:26 of 3rd period - Icing by Zdeno Chara.
15:27 of 3rd period - David Krejci wins face-off versus Lars Eller in Bruins zone.
15:27 of 3rd period - David Krejci is hit by Scott Hartnell.
15:32 of 3rd period - Jakub Voracek is hit by Scott Hartnell and loses puck.
15:51 of 3rd period - Minor Penalty to Brad Marchand for Slashing.
15:52 of 3rd period - Phil Kessel wins face-off versus Chris Kelly in Bruins zone.
16:15 of 3rd period - Icing by Erik Karlsson.
16:16 of 3rd period - Claude Giroux wins face-off versus Chris Kelly in Canucks zone.
16:59 of 3rd period - Zdeno Chara is hit by Ryan Johansen and loses puck.
17:24 of 3rd period - Shot by Mikko Koivu.
17:24 of 3rd period - Shot Blocked by Johnny Boychuk.
17:56 of 3rd period - Shot by Lars Eller.
17:56 of 3rd period - Shot Misses the Net.
18:09 of 3rd period - Jonas Brodin is hit by Patrice Bergeron and loses puck.
18:52 of 3rd period - Icing by Andy Greene.
18:53 of 3rd period - Mikko Koivu wins face-off versus David Krejci in Bruins zone.
19:00 of 3rd period - Canucks, Henrik Lundqvist is pulled from the net.
19:18 of 3rd period - Shot by Ryan OReilly.
19:18 of 3rd period - Stopped by Tuukka Rask with a rebound.
19:28 of 3rd period - Shot by Mikko Koivu.
19:28 of 3rd period - Stopped by Tuukka Rask without a rebound.
19:29 of 3rd period - Chris Kelly wins face-off versus Mikko Koivu in Bruins zone.
19:56 of 3rd period - Icing by Dennis Seidenberg.
19:57 of 3rd period - Marcus Kruger wins face-off versus Chris Kelly in Bruins zone.
Goals for this period are 0 for Canucks vs 0 for Bruins.
Shots for this period are 16 for Canucks vs 7 for Bruins.


Output by the SimonT Hockey Simulator (STHS) for Stephane Roy -- Original Page W3C XHTML 1.0 Valid
Hockey Simulator - Hockey Simulation - Hockey Manager